 Dungeon Crawl Stone Soup version 0.17-a0-1636-g3119f2b (webtiles) character file.

179 karlkraus the Sneak (level 5, 0/36 HPs)
             Began as an Octopode Monk on Aug 6, 2015.
             Succumbed to a water moccasin's poison
             ... on level 3 of the Dungeon.
             The game lasted 00:04:08 (2024 turns).

karlkraus the Sneak (Octopode Monk)                 Turns: 2024, Time: 00:04:09

Health: 0/36       AC:  1    Str: 11    XL:     5   Next: 59%
Magic:  14/14      EV: 14    Int: 12    God:
Gold:   89         SH:  0    Dex: 15    Spells: 0 memorised, 4 levels left

rFire  . . .     SeeInvis .       - Unarmed
rCold  . . .     Clarity  .     (no shield)
rNeg   . . .     SustAt   .     (helmet restricted)
rPois  .         Gourm    .     (no amulet)
rElec  .         Spirit   .     i - ring of magical power
rCorr  .         Warding  .     (no ring)
rMut   .         Stasis   .     (no ring)
MR     .....                    (no ring)
Stlth  ++++......               (no ring)
                                (no ring)
                                (no ring)
                                (no ring)

@: lethally poisoned (0 -> -9), not resistant to hostile enchantments, stealthy
A: almost no armour, amphibious, 8 rings, constrict 8, camouflage 1, gelatinous
body 1
a: no special abilities


You were on level 3 of the Dungeon.
You were not hungry.

You visited 1 branch of the dungeon, and saw 3 of its levels.

You collected 89 gold pieces.

Inventory:

Jewellery
 i - a ring of magical power (left tentacle)
Scrolls
 b - a scroll of enchant weapon {unknown}
 d - 2 scrolls of immolation {unknown}
 e - 7 scrolls of noise {unknown}
 f - 4 scrolls of identify {unknown}
 h - 2 scrolls of fear {unknown}
 l - 2 scrolls of remove curse {unknown}
 n - a scroll of blinking {unknown}
Potions
 c - a potion of curing
 m - a potion of flight {unknown}
Comestibles
 a - 4 bread rations
 g - a slice of pizza
 j - a chunk of flesh
 k - a beef jerky


   Skills:
 + Level 3.5 Fighting
 + Level 4.0 Dodging
 + Level 5.2 Stealth
 + Level 4.7 Unarmed Combat


You had 4 spell levels left.
You didn't know any spells.

Dungeon Overview and Level Annotations

Branches:
Dungeon (3/15)

Altars:
Dithmenos
Nemelex Xobeh


Innate Abilities, Weirdness & Mutations

You cannot wear most types of armour.
You are amphibious.
You can wear up to eight rings at the same time.
You can use your tentacles to constrict eight enemies at once.
Your skin changes colour to match your surroundings (Stealth).
Your rubbery body absorbs attacks (AC +1).


Message History

The water moccasin is moderately wounded.
You feel sick. The water moccasin bites you. The hobgoblin barely misses you.
The water moccasin barely misses you.
You miss the water moccasin. Your grab misses the water moccasin.
The water moccasin is moderately wounded.
* * * LOW HITPOINT WARNING * * *
You feel sick. The hobgoblin misses you. The water moccasin closely misses you.
You are too injured to fight recklessly!
You bludgeon the orc! Your grab misses the orc.
The orc is almost dead.
The water moccasin barely misses you. The orc barely misses you.
The hobgoblin hits you with a club.
* * * LOW HITPOINT WARNING * * *
You tentacle-slap the orc.
You kill the orc!
* * * LOW HITPOINT WARNING * * *
You feel sick. The water moccasin barely misses you.
The hobgoblin hits you with a club.
* * * LOW HITPOINT WARNING * * *
You die...

#.##.# #..#.## #### ##
##....# #..# #.. ####..
##..## ##.. #..
##.%..###...#.# ###.#
###.........# .# #..†#
#....S.....# #.# #.#[#
#....g.@...# #:####.#.#
###.......#####.##...#)#
##....#....##.#......#
##..#####..#.#.....÷#
#..# ##...##...... ####
##........†# #..######.#
#.## #.. ####.#######.#


You could see a water moccasin and a hobgoblin.

Vanquished Creatures
  Natasha (twice) (D:3)
  An orc wizard (D:3)
  4 adders
  2 worms
  2 giant geckos (D:2)
  9 orcs (D:3)
  A giant cockroach (D:2)
  6 hobgoblins
  6 kobolds
  2 quokkas
  3 ball pythons
  9 bats
  7 giant newts
  7 goblins
  7 jackals
  7 rats
75 creatures vanquished.

Notes
Turn   | Place    | Note
--------------------------------------------------------------
     0 | D:1      | karlkraus the Octopode Monk began the quest for the Orb.
     0 | D:1      | Reached XP level 1. HP: 16/16 MP: 1/1
    86 | D:1      | Reached XP level 2. HP: 5/21 MP: 2/2
   568 | D:1      | Reached XP level 3. HP: 11/26 MP: 3/3
  1331 | D:2      | Reached XP level 4. HP: 28/31 MP: 4/4
  1564 | D:2      | Found a sparkling altar of Nemelex Xobeh.
  1565 | D:2      | Found a shadowy altar of Dithmenos.
  1694 | D:3      | Noticed Natasha
  1700 | D:3      | Killed Natasha
  1731 | D:3      | Reached XP level 5. HP: 24/36 MP: 5/5
  1743 | D:3      | Reached skill level 5 in Stealth
  1760 | D:3      | Noticed Natasha
  1801 | D:3      | Killed Natasha
  1999 | D:3      | Noticed a water moccasin
  2023 | D:3      | HP: 1/36 [hobgoblin/club (4)]
  2024 | D:3      | Succumbed to a water moccasin's poison

Vault maps used:
D:1:      dpeg_arrival_shelter, minmay_stone_trees_medium
D:2:      gammafunk_temple_overflow_statue, first_bread
D:3:      uniq_natasha

Action                   |  1- 3 |  4- 6 || total
-------------------------+-------+-------++-------
Melee: Unarmed           |    89 |    85 ||   174
  Use: Potion            |       |     2 ||     2
 Stab: Sleeping          |     8 |    15 ||    23
       Distracted        |       |     1 ||     1
  Eat: Chunk             |     1 |     3 ||     4
